Alexo, neutral male human Archeologist --------------- ---------- |..............# |........| |.............|# ##-.....<..| |.............-############################ # ---------- |.............|# -------------# ### ------.--.----- |`.........*|# # # ##|..... .....|# ### ### # |...-----...|# # # ####....|.{.|...|## ### ### # |..`|{.{|`..d###### # -.--- ### |...|.{.|..@| ##-.--------# |*..|#`### # |...-.---...| ##..........# |...-#### -----.--### |.....`.....| #|........| |...| # |.......########-`.........`| #......%..| |...| ###|...*...# .-..-----...- |.....^..| --.-- #-..>^..+# # # # |........| ---.---- # |......... # .-.--.---- Alexo the Field Worker Experience level: 5 Strength: 15 Dexterity: 14 Constitution: 16 Intelligence: 15 Wisdom: 16 Charisma: 9 Health: 0(62) Energy: 38(38) Def: 2 Gold: 1575 Moves: 4281 Dungeon seed: UVePPI43P8LDqK-y Game ID: Alexo_1690298049 Your Inventory: Coins $ - 1575 gold pieces Weapons a - an uncursed +2 bullwhip (weapon in hand) d - 2 uncursed +0 daggers m - an uncursed +0 orcish dagger o - an uncursed +0 spear u - 9 uncursed +0 darts Armor e - an uncursed +0 leather jacket (being worn) n - an uncursed +0 fedora r - an uncursed +0 orcish helm (being worn) y - an uncursed +1 orcish helm z - a cursed -1 dwarvish cloak Y - an uncursed +0 mummy wrapping Comestibles b - 6 uncursed food rations Scrolls E - an uncursed scroll of identify Potions s - a cursed potion of sleeping C - a blessed potion of sleeping D - a cursed potion of gain level G - an uncursed potion of paralysis Wands i - an uncursed wand of light (0:11) l - an uncursed wand of striking (0:0) q - an uncursed wand of sleep (0:0) Tools c - an uncursed oil lamp (0:1450) f - an uncursed tinning kit (0:41) g - an uncursed sack h - an uncursed fire horn (0:6) p - an uncursed +0 pick-axe w - an uncursed tin whistle A - an uncursed oil lamp (0:1204) Gems t - an uncursed touchstone I - 2 uncursed worthless pieces of yellowish brown glass N - an uncursed topaz stone Spells and supernatural/magical abilities: Name Level Category Cost Memory W - pray for help -- divine ? -- Your skills at the end: Fighting Skills wands [Basic] Weapon Skills pick-axe [Basic] whip [Basic] Spellcasting Skills Final Attributes: You were nominally aligned. You were poison resistant. You were stealthy. You were slow. You last prayed just now. Camaxtli was noncommittal. You are dead. Vanquished creatures: a dingo a gnome mummy 2 ponies 2 fog clouds a red naga hatchling 2 guardian naga hatchlings 2 baby crocodiles 4 giant ants 2 floating eyes a dwarf 2 homunculi a giant bat a werejackal an iguana 4 killer bees 2 acid blobs 2 hobbits a large kobold a hobgoblin 5 giant rats a yellow mold a green mold a gecko 7 jackals 4 foxes 2 goblins 5 sewer rats 12 grid bugs 5 lichens a kobold zombie 9 newts 86 creatures vanquished. Voluntary challenges: You used a wielded weapon 91 times, starting on turn 91. You read items or engraved 6 times, starting on turn 292. You never genocided any monsters. You never polymorphed an object. You never changed form. You used no wishes. You never split a pudding. You wrote Elbereth's name 6 times, starting on turn 292. You violated your moral code, losing 24 points of alignment, starting on turn 3139. Dungeon overview: The Dungeons of Doom: levels 1 to 7 Level 1 a fountain a long staircase Level 2 an armor shop, some altars to Camaxtli, a fountain, a vault Level 3 a jewelry store, some fountains, a vault Level 4 some fountains, a vault stairs to The Gnomish Mines Level 5 <- You were here many fountains Level 6 a fountain stairs to Sokoban Level 7 The Gnomish Mines: Level 5 stairs to The Dungeons of Doom Sokoban: Level 5 Unsolved stairs to The Dungeons of Doom History has recorded: On T:1 you entered the Dungeons of Doom to retrieve the Amulet of Yendor! On T:287 you reached level 2 of The Dungeons of Doom. On T:858 you advanced to experience level 2. On T:986 you reached level 3 of The Dungeons of Doom. On T:1674 you reached level 4 of The Dungeons of Doom. On T:2364 you advanced to experience level 3. On T:2545 you reached level 1 of The Gnomish Mines. On T:2623 you reached level 5 of The Dungeons of Doom. On T:3405 you received advice from The Oracle On T:3405 you advanced to experience level 4. On T:3443 you reached level 6 of The Dungeons of Doom. On T:3468 you reached level 7 of The Dungeons of Doom. On T:3764 you advanced to experience level 5. On T:3837 you reached level 4 of Sokoban. Score breakdown: Gold: 1575 (10876 points) Experience: 5 levels (11141 points) Exploration: 7 levels ( 13.46%) (10289 points) Discoveries: 10 items ( 3.31%) ( 5459 points) Valuables value: (no points given unless you survive) Artifact value: 0 ( 0 points) Variety of kills: 31 monsters ( 8.16%) ( 8568 points) Turncount: 4281 turns (-1125 points) Survival: died (score multiplied by 80%) Total score: 36166 Latest messages: [2 turns] You hit the newt. The newt just misses! [2 turns] You kill the newt! The little dog bites! (2x) [2 turns] You miss the little dog. The little dog bites! (3x) [2 turns] You hit the little dog. The little dog bites! (3x) [2 turns] You begin praying to Camaxtli. You are surrounded by a shimmering light. The little dog starts to attack you, but pulls back. (4x) You feel that Camaxtli is satisfied. The little dog bites! (2x) You die... The sack is empty. The sack is empty. Final status: Goodbye Alexo the Archeologist, killed by a little dog... You died in The Dungeons of Doom on dungeon level 5 with 36166 points, and 1575 pieces of gold, after 4281 moves. You were level 5 with a maximum of 62 hit points when you died.